 Dungeon Crawl Stone Soup version 0.29-a0-1033-gb6c65ffae6 (webtiles) character file.

Game seed: 11120537750806552712

550485 siradein the Axe Maniac (level 25, -2/237 HPs)
             Began as a Minotaur Berserker on Aug 13, 2022.
             Was the Champion of Trog.
             Slain by Tiamat
             ... wielding a +1 vorpal glaive
              (7 damage)
             ... on level 3 of the Realm of Zot on Aug 14, 2022.
             The game lasted 03:02:02 (59091 turns).

siradein the Axe Maniac (Minotaur Berserker)       Turns: 59091, Time: 03:02:03

Health: -2/237     AC: 39    Str: 25 (30) XL:     25   Next: 3%
Magic:  19/19      EV: 12    Int:  5 (7)  God:    Trog [******]
Gold:   2398       SH: 15    Dex: 11 (19) Spells: 24/24 levels left

rFire   + + .      SeeInvis +   K - +9 broad axe (flame)
rCold   + + .      Faith    .   r - +0 kite shield "Birumuam" {-Cast rElec rN+ Int-3 Slay+3}
rNeg    + + +      Spirit   .   Y - +8 gold dragon scales
rPois   +          Reflect  .   l - +2 hat
rElec   +          Harm     .   e - +2 cloak {rCorr}
rCorr   +          Rampage  .   m - +2 pair of gloves {Str+3}
Will    ++++.      NoCast   +   A - +2 pair of boots
Stlth   ..........              S - amulet of Starshine {RegenMP rN+ Will+ Str+3}
HPRegen 1.49/turn               V - ring of see invisible
MPRegen 0.56/turn               W - ring of the Dropbear {rF+ rN++ Str-4 Int+6 Dex+3}

@: about to teleport, strong-willed, corroded, regenerating, studying 4 skills
A: horns 2, retaliatory headbutt, talons 1, iridescent scales 1, cold resistance
1, low MP 1
}: 3/15 runes: barnacled, silver, gossamer
a: Renounce Religion, Berserk, Trog's Hand, Brothers in Arms


You were on level 3 of the Realm of Zot.
You worshipped Trog.
Trog was exalted by your worship.
You visited 10 branches of the dungeon, and saw 46 of its levels.
You also visited: Sewer, Bailey and Gauntlet.

You collected 6648 gold pieces.
You spent 4250 gold pieces at shops.

Inventory:

Hand Weapons
 K - a +9 broad axe of flaming (weapon)
 X - a +9 broad axe of chaos
Missiles
 j - 23 javelins
 F - 44 boomerangs (quivered)
 G - 11 throwing nets
 T - 19 silver javelins
Armour
 e - a +2 cloak of preservation (worn)
 l - a +2 hat (worn)
 m - a +2 pair of gloves of strength (worn)
 r - the +0 kite shield "Birumuam" (worn) {-Cast rElec rN+ Int-3 Slay+3}
   (You acquired it on level 13 of the Dungeon)

   Int:       It affects your intelligence (-3).
   Slay:      It affects your accuracy & damage with ranged weapons and melee
   (+3).
   rElec:     It insulates you from electricity.
   rN:        It protects you from negative energy.
   -Cast:     It prevents spellcasting.
 A - a +2 pair of boots (worn)
 Y - +8 gold dragon scales (worn)
Jewellery
 L - the amulet "Fuasyef" {Reflect rPois Str+7 Dex+2 Slay-2 SH+5}
   (You found it on level 3 of the Elven Halls)

   [amulet of reflection]

   It reflects blocked missile attacks.
   Str:       It affects your strength (+7).
   Dex:       It affects your dexterity (+2).
   Slay:      It affects your accuracy & damage with ranged weapons and melee
   (-2).
   rPois:     It protects you from poison.
   SH:        It affects your SH (+5).
 S - the amulet of Starshine (around neck) {RegenMP rN+ Will+ Str+3}
   (You found it on level 2 of the Depths)

   [amulet of magic regeneration]

   It increases your rate of magic regeneration.
   Str:       It affects your strength (+3).
   rN:        It protects you from negative energy.
   Will:      It increases your willpower.
 V - a ring of see invisible (left hand)
 W - the ring of the Dropbear (right hand) {rF+ rN++ Str-4 Int+6 Dex+3}
   (You found it in a Gauntlet)

   [ring of intelligence]

   Str:       It affects your strength (-4).
   Int:       It affects your intelligence (+6).
   Dex:       It affects your dexterity (+3).
   rF:        It protects you from fire.
   rN:        It greatly protects you from negative energy.
 Z - the ring of Miupaoc {Fly rPois}
   (You found it in a Gauntlet)

   [ring of flight]

   rPois:     It protects you from poison.
   Fly:       It grants you flight.
Wands
 a - a wand of charming (47)
 d - a wand of polymorph (12)
 i - a wand of quicksilver (28)
 s - a wand of iceblast (37)
 x - a wand of mindburst (36)
 D - a wand of digging (16)
 O - a wand of flame (102)
Scrolls
 c - 11 scrolls of immolation
 f - 12 scrolls of blinking
 n - 8 scrolls of enchant weapon
 o - 6 scrolls of poison
 p - 15 scrolls of magic mapping
 t - 26 scrolls of teleportation
 v - 5 scrolls of summoning
 y - 3 scrolls of silence
 C - 6 scrolls of fear
 U - 9 scrolls of fog
Potions
 b - 23 potions of curing
 g - 4 potions of magic
 h - 23 potions of heal wounds
 k - 21 potions of haste
 u - 6 potions of invisibility
 z - 3 potions of resistance
 E - 2 potions of cancellation
 H - 10 potions of might
 I - 5 potions of berserk rage
 J - 4 potions of mutation
 R - 8 potions of ambrosia
Miscellaneous
 q - a lightning rod (4/4)
 w - the horn of Geryon (inert)
 B - a condenser vane
 M - a phial of floods
 N - a box of beasts
 P - a tin of tremorstones (2/2)
 Q - a box of beasts


   Skills:
 + Level 21.7 Fighting
 O Level 27 Axes
 + Level 16.9 Throwing
 + Level 21.5 Armour
 + Level 20.0 Dodging
 - Level 10.0 Stealth
 + Level 20.8 Shields
 + Level 15.4 Evocations


You had 24 spell levels left.
You didn't know any spells.
Your spell library was empty.

Dungeon Overview and Level Annotations

Branches:
Dungeon (15/15)            Temple (0/1) D:6            Lair (5/5) D:10
 Shoals (4/4) Lair:2       Spider (4/4) Lair:3        Slime (0/5) Lair:5
    Orc (2/2) D:12            Elf (3/3) Orc:2        Vaults (5/5) D:14
  Crypt (0/3) Vaults:2     Depths (4/4) D:15           Hell (visited)
    Zot (3/5) Depths:4      Sewer (visited)          Bailey (visited)
Gauntlet (visited)
    Dis: Hell:1         Geh: Hell:1         Coc: Hell:1         Tar: Hell:1

Altars:
Ashenzari
Fedhas
Hepliaklqana
Kikubaaqudgha
Nemelex Xobeh
Uskayaw
Xom
Yredelemnul
Jiyva

Shops:
Orc:2 *:::*   Elf:1 ?[   Elf:2 :   Elf:3 *   Shoals:2 *   Vaults:1 ?
Depths:3 !

Portals:
Hell: Depths:1 Depths:2 Depths:3 Depths:4
Abyss: Depths:1 Depths:3
Pandemonium: Depths:2
Ziggurat: Depths:4

Annotations:
Lair:5 1 runed translucent door
Depths:1 1 runed translucent door
Zot:3 Tiamat


Innate Abilities, Weirdness & Mutations

You have a pair of horns on your head.
You reflexively headbutt those who attack you in melee.
You have sharp toenails.
You are partially covered in iridescent scales. (AC +2)
Your flesh is cold resistant. (rC+)
Your magical capacity is low. (-10% MP)


Message History

Unknown command.
The red draconian attacks as you move away!
The red draconian closely misses you.
Your skin stops crawling.
You feel less strong-willed. The red draconian breathes fire at you.
The searing blast hits you! You resist.
* * * LOW HITPOINT WARNING * * *
Unknown command.
The white draconian breathes frost at you.
The blast of cold hits you. You resist.
* * * LOW HITPOINT WARNING * * *
The yellow draconian annihilator spits acid at you.
The glob of acid misses you.
The purple draconian shifter casts a spell.
The purple draconian shifter blinks!
The white draconian stormcaller mumbles some strange prayers to Qazlal against you.
Qazlal smites you!
* * * LOW HITPOINT WARNING * * *
As you read the scroll of teleportation, it crumbles to dust.
You feel strangely unstable.
You feel the Orb delaying your translocation!
The yellow draconian spits acid at you.
The glob of acid hits you but does no damage.
The acid corrodes you!
The white draconian hits you but does no damage.
The yellow draconian annihilator spits acid at you.
The glob of acid hits you but does no damage.
You block the white draconian's attack.
The yellow draconian attacks as you move away!
The yellow draconian hits you but does no damage.
You block the purple draconian shifter's attack.
Your skin crawls.
You feel strong-willed.
The yellow draconian annihilator mumbles some strange words.
The yellow draconian annihilator blinks!
You block the yellow draconian's attack.
You block the white draconian's attack.
Tiamat hits you from afar with a +1 vorpal glaive!!!
* * * LOW HITPOINT WARNING * * *
You die...

#......##...............#
###...##.^...............
###...#..................
#.....##...).........)...
#......##.......).......#
#...#...##..........)..##
#####....##.....).....##.
#.....##.........##.†
#..q@..##..))...##...
#...dq..##....)##....
####.ddd.d..##'')##.....
#......#...))##'##.....#
#####......#........).....##
#...#.......d..q..).).......
###.<.#......)................
#.....##.....######...#...####
#.............d...............


You could see Tiamat, a yellow draconian, a green draconian, a purple draconian,
a red draconian, a white draconian, a purple draconian shifter, a white
draconian stormcaller and a yellow draconian annihilator.

Vanquished Creatures
  A dread lich (Vaults:5)
  An ancient lich (Vaults:1)
  3 juggernauts
  3 Killer Klowns (Zot:3)
  3 caustic shrikes (Depths:2)
  Margery (Depths:2)
  Geryon (Hell)
  5 golden dragons
  Nikola (Spider:1)
  2 bone dragons (Depths:4)
  Arachne (Spider:4)
  Jorgrun (D:15)
  A walking crystal tome (Depths:2)
  A hellephant (Depths:3)
  2 liches
  11 tentacled monstrosities
  6 titans
  6 quicksilver dragons
  3 deep elf blademasters
  2 deep elf master archers (Elf:3)
  5 sphinxes
  Polyphemus (Shoals:2)
  2 death cobs
  11 shadow dragons
  Kirke (D:15)
  A kraken (Shoals:4)
  Donald (Shoals:3)
  5 tengu reavers
  6 storm dragons
  A nagaraja (Vaults:3)
  4 draconian knights
  20 fire giants
  Roxanne (Spider:1)
  3 draconian scorchers
  8 frost giants
  2 iron dragons
  3 emperor scorpions (Spider:4)
  Aizul (Vaults:1)
  5 orc warlords
  2 deep elf elementalists (Elf:3)
  7 deep elf sorcerers
  2 draconian stormcallers
  5 spectral caustic shrikes (Depths:3)
  8 ghost moths
  Louise (Elf:2)
  4 draconian annihilators
  20 vault wardens
  9 very ugly things
  13 ironbound preservers
  A spriggan defender (Depths:4)
  2 draconian shifters (Zot:1)
  2 reapers
  4 war gargoyles
  8 ironbound thunderhulks
  2 green draconians
  The ghost of siradein the Fighter, a journeyman HOFi of Fedhas (Lair:1)
  5 vampire knights
  12 deep elf demonologists
  5 black draconians
  16 stone giants
  11 white draconians
  7 red draconians
  9 spark wasps
  5 yellow draconians
  12 dire elephants
  10 deep elf annihilators
  5 entropy weavers
  A minotaur (Gauntlet)
  5 purple draconians
  15 ettins
  3 deep elf high priests
  A merfolk javelineer (Shoals:4)
  8 merfolk impalers
  7 deep elf death magi
  Josephine (D:15)
  5 fire dragons
  4 great orbs of eyes
  6 jiangshi
  18 yaktaur captains
  4 salamander tyrants (Depths:3)
  A hell beast (Hell)
  9 ice dragons
  40 vault guards
  7 boulder beetles
  4 ogre magi
  6 hydras
  4 catoblepae
  3 rakshasas (Depths:2)
  8 ironbound frosthearts
  The ghost of xian the Slicer, a journeyman DsFi of Gozag (Orc:1)
  A peacekeeper (Vaults:4)
  A jorogumo (Spider:4)
  3 spriggan air magi
  8 centaur warriors
  2 radroaches
  16 death yaks
  5 deep troll shamans
  8 merfolk aquamancers
  2 death knights
  An anaconda (shapeshifter) (Vaults:3)
  9 two-headed ogres
  5 merfolk avatars
  9 tengu warriors
  An alligator (shapeshifter) (Vaults:5)
  An alligator snapping turtle (Shoals:4)
  3 satyrs
  7 deep troll earth magi
  A two-headed ogre (shapeshifter) (Vaults:5)
  22 dancing weapons
  3 vampire magi
  3 hell hogs
  2 spriggan berserkers (Depths:4)
  Urug (Lair:4)
  2 spriggans (Depths:3)
  Sonja (D:11)
  15 deep elf knights
  2 soul eaters (Depths:1)
  19 hell knights
  5 sun demons
  A titan skeleton (Vaults:1)
  4 iron trolls
  60 deep trolls
  A fire crab (D:14)
  10 pharaoh ants
  2 sun moths
  3 shadow wraiths
  15 sea snakes
  A skeletal warrior (Depths:1)
  A shadow demon (Depths:2)
  Lodul (D:10)
  2 sea snakes (shapeshifter)
  A steelbarb worm (Spider:2)
  2 flayed ghosts (Depths:1)
  12 phantasmal warriors
  9 wizards
  An obsidian statue (Gauntlet)
  6 deep elf archers
  4 glowing orange brains
  29 ironbound convokers
  17 orb spiders
  18 lindwurms
  27 orc knights
  7 necromancers
  22 deep elf pyromancers
  19 harpies
  19 wolf spiders
  33 ugly things
  22 deep elf zephyrmancers
  4 orc sorcerers
  13 manticores
  17 fauns
  7 cyclopes
  A salamander (shapeshifter) (Vaults:5)
  A human zombie (Vaults:1)
  11 moths of wrath
  12 merfolk sirens
  12 elephants
  10 rust devils
  2 black mambas
  25 vault sentinels
  10 water nymphs
  A water nymph (shapeshifter) (Vaults:5)
  An eye of devastation (Vaults:3)
  2 smoke demons (Depths:1)
  An eye of devastation (shapeshifter) (Vaults:3)
  5 molten gargoyles
  3 gargoyles
  A komodo dragon (Lair:5)
  10 torpor snails
  10 cane toads
  9 freezing wraiths
  2 rime drakes
  9 demonic crawlers
  An unseen horror (shapeshifter) (Vaults:5)
  3 efreet
  2 kobold demonologists (D:6)
  A hellion (Depths:1)
  4 tengu conjurers
  36 yaktaurs
  A yaktaur skeleton (Vaults:1)
  A queen bee (Lair:1)
  3 red devils
  A hellwing (Depths:2)
  The ghost of gdog the Covert, an amateur GnDe of Gozag (D:6)
  10 wind drakes
  4 trolls
  6 meliai
  A queen bee (shapeshifter) (D:15)
  Grinder (D:3)
  31 merfolk
  20 tarantellas
  5 hornets
  27 slime creatures
  13 dream sheep
  10 blink frogs
  A human simulacrum (Vaults:1)
  27 jumping spiders
  9 snapping turtles
  22 culicivoras
  4 shadows
  A centaur simulacrum (D:15)
  7 large abominations
  7 wyverns
  A spriggan (shapeshifter) (Depths:2)
  A vampire (D:11)
  13 water elementals
  A yak (shapeshifter) (Vaults:5)
  5 fire elementals
  10 wraiths
  3 hogs (D:15)
  3 basilisks
  7 humans (Zot:3)
  13 small abominations
  35 yaks
  12 vampire mosquitoes
  3 chaos spawn (Depths:1)
  A steam dragon (D:10)
  82 redbacks
  4 wargs
  15 water moccasins
  An acid dragon (D:14)
  A floating eye (shapeshifter) (Vaults:1)
  4 hell hounds
  47 orc warriors
  2 sky beasts (D:8)
  An ice beast (D:6)
  5 black bears
  21 ogres
  5 boggarts
  16 centaurs
  An ogre (shapeshifter) (D:13)
  16 wolves
  A phantom (D:4)
  9 kobold brigands
  A gnoll sergeant (D:9)
  An earth elemental (Elf:3)
  A necrophage (D:6)
  7 bullfrogs
  A scorpion (D:4)
  13 wights
  10 killer bees
  An electric eel (Spider:3)
  3 howler monkeys
  3 hounds
  2 jellies
  10 orc priests
  Crazy Yiuf (D:4)
  Natasha (thrice) (D:3)
  4 iguanas
  12 orc wizards
  12 adders
  9 gnolls
  A river rat (Sewer)
  A shadow imp (D:6)
  An ufetubus (D:6)
  7 worms
  3 dart slugs
  89 orcs
  8 ball pythons
  8 endoplasms (D:2)
  8 giant cockroaches
  11 goblins
  9 hobgoblins
  4 jackals (D:2)
  8 quokkas
  9 bats
  6 frilled lizards
  24 kobolds
  10 rats
  A plant (Lair:1)
  2 tentacles (Shoals:4)
2074 creatures vanquished.

Vanquished Creatures (collateral kills)
  A Killer Klown (Zot:3)
  A purple draconian (Zot:1)
  A moth of wrath (Zot:1)
  A human (Zot:3)
4 creatures vanquished.

Vanquished Creatures (others)
  A black draconian (Zot:1)
  A sun moth (Spider:4)
  An orb spider (Spider:4)
  A wizard (Vaults:2)
  3 jumping spiders (Spider:4)
  A culicivora (Spider:4)
  An air elemental (Elf:3)
  A boggart (Vaults:1)
  An orc priest (Orc:2)
  An orc wizard (Orc:2)
  2 orcs
  3 demonic plants (Gauntlet)
  8 fungi
  70 plants
  10 tentacles (Shoals:4)
105 creatures vanquished.

Grand Total: 2183 creatures vanquished

Notes
Turn   | Place    | Note
-------+----------+-------------------------------------------
     0 | D:1      | siradein the Minotaur Berserker began the quest for the
                  | Orb.
     0 | D:1      | Reached XP level 1. HP: 19/19 MP: 0/0
    75 | D:1      | Found a faded altar of an unknown god.
   185 | D:1      | HP: 1/20 [gnoll/+0 spear (4)]
   189 | D:1      | Reached XP level 2. HP: 2/27 MP: 1/1
   720 | D:1      | Reached skill level 4 in Axes
   878 | D:1      | Reached XP level 3. HP: 30/33 MP: 2/2
  1138 | D:1      | Found Ubyqiowy's Distillery.
  1145 | D:1      | Bought a potion of degeneration for 10 gold pieces
  1145 | D:1      | Bought a potion of curing for 30 gold pieces
  1293 | D:2      | Reached ** piety under Trog
  1593 | D:2      | Reached XP level 4. HP: 40/40 MP: 3/3
  2126 | D:2      | Reached XP level 5. HP: 36/47 MP: 4/4
  2819 | D:2      | Identified the +10 hand axe of Wu Jian's Castigation
                  | {venom, Str+6 Dex+3}
  2833 | D:2      | Reached *** piety under Trog
  2989 | D:3      | Reached skill level 5 in Axes
  3175 | D:3      | Noticed Natasha
  3180 | D:3      | Killed Natasha
  3181 | D:3      | Reached skill level 5 in Fighting
  3229 | D:3      | Found a blossoming altar of Fedhas.
  3230 | D:3      | Found an ancient bone altar of Kikubaaqudgha.
  3405 | D:3      | Noticed Grinder
  3411 | D:3      | Killed Grinder
  3412 | D:3      | Reached XP level 6. HP: 51/56 MP: 5/5
  3438 | D:3      | Noticed Natasha
  3443 | D:3      | Killed Natasha
  3533 | D:3      | Noticed Natasha
  3539 | D:3      | Killed Natasha
  3540 | D:3      | Reached XP level 7. HP: 56/62 MP: 6/6
  3542 | D:3      | Reached skill level 5 in Armour
  3780 | D:4      | Found a runed translucent door.
  3781 | D:4      | Noticed Crazy Yiuf
  4044 | D:4      | Reached skill level 6 in Axes
  4205 | D:4      | Reached skill level 5 in Dodging
  4602 | D:4      | Killed Crazy Yiuf
  4689 | D:5      | Entered Level 5 of the Dungeon
  4736 | D:5      | Found a glowing drain.
  4749 | Sewer    | Entered a sewer
  4790 | Sewer    | Reached **** piety under Trog
  4923 | Sewer    | Reached skill level 1 in Shields
  5126 | Sewer    | Reached XP level 8. HP: 71/71 MP: 7/7
  6018 | D:6      | Reached skill level 7 in Axes
  6020 | D:6      | Found a large runed translucent door.
  6022 | D:6      | Found a large runed translucent door.
  6025 | D:6      | Noticed a kobold demonologist
  6025 | D:6      | Noticed a kobold demonologist
  6030 | D:6      | Noticed a sun demon
  6032 | D:6      | Killed a kobold demonologist
  6035 | D:6      | Killed a kobold demonologist
  6042 | D:6      | Reached XP level 9. HP: 79/79 MP: 8/8
  6390 | D:6      | Found a staircase to the Ecumenical Temple.
  6754 | D:6      | Noticed gdog's ghost (amateur GnDe)
  6832 | D:6      | Killed gdog's ghost
  6833 | D:6      | Reached skill level 8 in Axes
  6931 | D:7      | Reached skill level 5 in Shields
  7181 | D:7      | Reached ***** piety under Trog
  7750 | D:8      | Found a flagged portal.
  7758 | Bailey   | Entered a bailey
  8024 | Bailey   | Received a gift from Trog
  8105 | Bailey   | Reached XP level 10. HP: 90/90 MP: 9/9
  8109 | Bailey   | Reached skill level 9 in Axes
  9051 | D:9      | Noticed a two-headed ogre
  9059 | D:9      | Killed a two-headed ogre
 10455 | D:10     | Entered Level 10 of the Dungeon
 10470 | D:10     | Reached skill level 10 in Fighting
 10470 | D:10     | Reached skill level 10 in Axes
 10650 | D:10     | Reached XP level 11. HP: 90/99 MP: 10/10
 10826 | D:10     | Noticed a tengu warrior
 10838 | D:10     | Killed a tengu warrior
 10838 | D:10     | Noticed a tengu warrior
 10856 | D:10     | Killed a tengu warrior
 10857 | D:10     | Reached skill level 10 in Armour
 10995 | D:10     | Noticed Lodul
 11018 | D:10     | Killed Lodul
 11204 | D:10     | Found a staircase to the Lair.
 11398 | D:1      | Bought a potion of ambrosia for 80 gold pieces
 11398 | D:1      | Bought a potion of might for 40 gold pieces
 11398 | D:1      | Bought a potion of berserk rage for 50 gold pieces
 11398 | D:1      | Bought a potion of lignification for 30 gold pieces
 11680 | D:11     | Noticed a four-headed hydra
 11691 | D:11     | HP: 4/101 [something (4)]
 11693 | D:11     | Killed a one-headed hydra
 11709 | D:11     | Reached skill level 11 in Axes
 11804 | D:11     | Noticed Sonja
 11806 | D:11     | Killed Sonja
 12075 | D:11     | Reached skill level 10 in Dodging
 12259 | D:11     | Noticed a two-headed ogre
 12266 | D:11     | Killed a two-headed ogre
 12293 | D:11     | Found a hazy altar of Hepliaklqana.
 12465 | Lair:1   | Entered Level 1 of the Lair of Beasts
 12539 | Lair:1   | Found a transporter.
 12569 | Lair:1   | Reached XP level 12. HP: 110/110 MP: 11/11
 12723 | Lair:1   | Received a gift from Trog
 12796 | Lair:1   | Noticed siradein's ghost (journeyman HOFi)
 12834 | Lair:1   | Found a transporter.
 13091 | Lair:1   | Noticed a boulder beetle
 13106 | Lair:1   | Killed a boulder beetle
 13424 | Lair:2   | Reached skill level 10 in Shields
 13440 | Lair:2   | Reached skill level 12 in Axes
 14170 | Lair:3   | Noticed a four-headed hydra
 14181 | Lair:3   | Killed a one-headed hydra
 14182 | Lair:3   | Reached XP level 13. HP: 92/119 MP: 12/12
 14460 | Lair:3   | Found a hole to the Spider Nest.
 14839 | Lair:4   | Reached skill level 13 in Axes
 15091 | Lair:4   | Noticed Urug
 15100 | Lair:4   | Killed Urug
 15603 | Lair:5   | Entered Level 5 of the Lair of Beasts
 15603 | Lair:5   | Found a runed translucent door.
 15603 | Lair:5   | Found a viscous altar of Jiyva.
 15603 | Lair:5   | Found a staircase to the Slime Pits.
 15649 | Lair:5   | Received a gift from Trog
 16769 | Lair:5   | Gained mutation: You are partially covered in large bone
                  | plates. (SH +4) [potion of mutation]
 16769 | Lair:5   | Gained mutation: You occasionally lose the ability to read
                  | scrolls when taking damage. [potion of mutation]
 16769 | Lair:5   | Gained mutation: You are resistant to electric shocks.
                  | (rElec) [potion of mutation]
 16770 | Lair:5   | Lost mutation: You occasionally lose the ability to read
                  | scrolls when taking damage. [potion of mutation]
 16770 | Lair:5   | Lost mutation: You are resistant to electric shocks.
                  | (rElec) [potion of mutation]
 16770 | Lair:5   | Gained mutation: You are robust. (+10% HP) [potion of
                  | mutation]
 16770 | Lair:5   | Gained mutation: You are clumsy. (Dex -2) [potion of
                  | mutation]
 16770 | Lair:5   | Gained mutation: You are very clumsy. (Dex -4) [potion of
                  | mutation]
 16770 | Lair:5   | Gained mutation: Your spells are a little harder to cast,
                  | but a little more powerful. [potion of mutation]
 16771 | Lair:5   | Lost mutation: You are very clumsy. (Dex -4) [potion of
                  | mutation]
 16771 | Lair:5   | Lost mutation: Your spells are a little harder to cast, but
                  | a little more powerful. [potion of mutation]
 16771 | Lair:5   | Lost mutation: You are clumsy. (Dex -2) [potion of
                  | mutation]
 16771 | Lair:5   | Gained mutation: You occasionally lose the ability to drink
                  | potions when taking damage. [potion of mutation]
 16771 | Lair:5   | Gained mutation: You are weak. (Str -2) [potion of
                  | mutation]
 16771 | Lair:5   | Gained mutation: You passively map a small area around you.
                  | [potion of mutation]
 16772 | Lair:5   | Lost mutation: You are weak. (Str -2) [potion of mutation]
 16772 | Lair:5   | Lost mutation: You passively map a small area around you.
                  | [potion of mutation]
 16772 | Lair:5   | Gained mutation: You have a somewhat thin skeletal
                  | structure. (Dex +2, Stealth+) [potion of mutation]
 16906 | Lair:1   | Killed siradein's ghost
 16907 | Lair:1   | Reached XP level 14. HP: 124/143 MP: 13/13
 17085 | D:12     | Reached skill level 14 in Axes
 17229 | D:12     | Found a staircase to the Orcish Mines.
 17537 | Orc:1    | Entered Level 1 of the Orcish Mines
 17587 | Orc:1    | Received a gift from Trog
 17890 | Orc:1    | Noticed xian's ghost (journeyman DsFi)
 18084 | Orc:1    | Found a runed translucent gate.
 18085 | Orc:1    | Found a runed translucent gate.
 18086 | Orc:1    | Found a runed translucent gate.
 18233 | Orc:1    | Killed xian's ghost
 18251 | Orc:1    | Identified the +3 mace "Yptia" {elec, rC+}
 18278 | Orc:2    | Entered Level 2 of the Orcish Mines
 18583 | Orc:2    | Found a staircase to the Elven Halls.
 18777 | Orc:2    | Received a gift from Trog
 18914 | Orc:2    | Found Cevaip's General Store.
 18917 | Orc:2    | Found Laawnomp's Specific Store.
 18932 | Orc:2    | Bought a potion of heal wounds for 60 gold pieces
 18932 | Orc:2    | Bought a scroll of teleportation for 36 gold pieces
 18932 | Orc:2    | Bought a scroll of enchant armour for 90 gold pieces
 19026 | Orc:2    | Found Qurehen's Book Emporium.
 19026 | Orc:2    | Found Mydof's Book Shop.
 19028 | Orc:2    | Found Zumaompa's Book Boutique.
 19030 | Orc:2    | Found Toeq Xis's General Store.
 19042 | Orc:2    | Bought a scroll of fog for 60 gold pieces
 19043 | Orc:2    | Bought a potion of attraction for 45 gold pieces
 19163 | Orc:2    | Bought a manual of Axes for 1280 gold pieces
 19431 | D:13     | Found a gate leading to a gauntlet.
 19457 | Gauntlet | Entered a Gauntlet
 19457 | Gauntlet | Found a transporter.
 19457 | Gauntlet | Found a transporter.
 19459 | Gauntlet | Found a transporter.
 19459 | Gauntlet | Found a transporter.
 19462 | Gauntlet | Found a transporter.
 19473 | Gauntlet | Found a transporter.
 19505 | Gauntlet | Found a transporter.
 19516 | Gauntlet | Found a transporter.
 19533 | Gauntlet | Found a transporter.
 19541 | Gauntlet | Found a transporter.
 19559 | Gauntlet | Found a transporter.
 19611 | Gauntlet | Found a transporter.
 19781 | Gauntlet | Identified the ring of the Dropbear {rF+ rN++ Str-4 Int+6
                  | Dex+3}
 19836 | Gauntlet | Identified the ring of Miupaoc {Fly rPois}
 19878 | Gauntlet | Identified the ring of Aluan {rPois Dex+7}
 20222 | Lair:2   | Reached skill level 1 in Throwing
 20228 | Lair:2   | Identified the +12 whip "Lyankalu" {antimagic, *Noise
                  | Int+6}
 20233 | Lair:2   | Identified the +2 robe of the Black Skies {Str+8 Int+9
                  | Dex-5 Slay-3}
 20480 | D:13     | Reached skill level 1 in Evocations
 20494 | D:13     | Reached skill level 15 in Axes
 20541 | D:13     | Identified a scroll of acquirement
 20542 | D:13     | Acquired the +0 kite shield "Birumuam" {-Cast rElec rN+
                  | Int-3 Slay+3}
 20863 | D:14     | Reached ****** piety under Trog
 21089 | D:14     | Reached XP level 15. HP: 152/152 MP: 14/14
 21165 | D:14     | Reached skill level 15 in Fighting
 21211 | D:14     | Received a gift from Trog
 21257 | D:14     | Found a gate to the Vaults.
 21801 | D:15     | Entered Level 15 of the Dungeon
 21817 | D:15     | Reached skill level 15 in Armour
 21917 | D:15     | Acquired a manual of Evocations
 22006 | D:15     | Reached skill level 16 in Axes
 22089 | D:15     | Noticed Josephine
 22100 | D:15     | Killed Josephine
 22151 | D:15     | Received a gift from Trog
 22185 | D:15     | Found a staircase to the Depths.
 22374 | D:15     | Noticed Kirke
 22389 | D:15     | Killed Kirke
 22397 | D:15     | Noticed Jorgrun
 22406 | D:15     | Killed Jorgrun
 22407 | D:15     | Reached skill level 5 in Evocations
 23211 | Lair:2   | Found a staircase to the Shoals.
 23333 | Shoals:1 | Entered Level 1 of the Shoals
 23475 | Shoals:1 | Reached XP level 16. HP: 159/166 MP: 15/15
 23513 | Shoals:1 | Reached skill level 5 in Throwing
 23702 | Shoals:1 | Reached skill level 17 in Axes
 23729 | Shoals:1 | Received a gift from Trog
 24537 | Shoals:2 | Noticed Polyphemus
 24569 | Shoals:2 | Killed Polyphemus
 24695 | Shoals:2 | Reached skill level 15 in Shields
 24864 | Spider:1 | Entered Level 1 of the Spider Nest
 25018 | Spider:1 | Noticed Roxanne
 25035 | Spider:1 | Killed Roxanne
 25269 | Spider:1 | You are sucked into a shaft and drop 1 floor!
 25333 | Spider:2 | Received a gift from Trog
 25408 | Spider:2 | Reached skill level 1 in Stealth
 25774 | Spider:2 | Reached skill level 18 in Axes
 25939 | Spider:2 | Reached skill level 15 in Dodging
 25956 | Spider:1 | HP: 4/250 [culicivora[a torpor snail] (19)]
 26296 | Spider:2 | Reached XP level 17. HP: 150/174 MP: 16/16
 26632 | Spider:2 | Received a gift from Trog
 26924 | Spider:1 | Noticed Nikola
 26933 | Spider:1 | Killed Nikola
 28081 | Shoals:2 | Found Fieramn's General Store.
 28103 | Shoals:2 | Bought a scroll of acquirement for 988 gold pieces
 28103 | Shoals:2 | Acquired a manual of Throwing
 28681 | Shoals:3 | Received a gift from Trog
 28730 | Shoals:3 | Noticed Donald
 28755 | Shoals:3 | Killed Donald
 29100 | Shoals:3 | Identified the +2 robe "Gofaosi" {Contam Rampage Archmagi}
 29503 | Shoals:4 | Entered Level 4 of the Shoals
 29527 | Shoals:4 | Noticed a kraken
 29570 | Shoals:4 | Reached skill level 19 in Axes
 29775 | Shoals:4 | Killed a kraken
 30188 | Shoals:4 | Received a gift from Trog
 30461 | Shoals:4 | Got a barnacled rune of Zot
 30485 | Shoals:4 | Lost mutation: You have a somewhat thin skeletal structure.
                  | (Dex +2, Stealth+) [potion of mutation]
 30485 | Shoals:4 | Lost mutation: You are robust. (+10% HP) [potion of
                  | mutation]
 30485 | Shoals:4 | Gained mutation: You are weak. (Str -2) [potion of
                  | mutation]
 30485 | Shoals:4 | Gained mutation: Your flesh is cold resistant. (rC+)
                  | [potion of mutation]
 30486 | Shoals:4 | Lost mutation: You are partially covered in large bone
                  | plates. (SH +4) [potion of mutation]
 30486 | Shoals:4 | Lost mutation: You are weak. (Str -2) [potion of mutation]
 30486 | Shoals:4 | Lost mutation: You occasionally lose the ability to drink
                  | potions when taking damage. [potion of mutation]
 30486 | Shoals:4 | Gained mutation: You have sharp toenails. [potion of
                  | mutation]
 30486 | Shoals:4 | Gained mutation: You are partially covered in iridescent
                  | scales. (AC +2) [potion of mutation]
 30486 | Shoals:4 | Gained mutation: Your magical capacity is low. (-10% MP)
                  | [potion of mutation]
 30593 | Shoals:4 | Reached skill level 10 in Evocations
 30600 | Shoals:4 | Reached XP level 18. HP: 146/170 MP: 15/15
 30626 | Shoals:4 | Identified the ring of Reimbursement {Fire Dex+3}
 31851 | Spider:4 | Entered Level 4 of the Spider Nest
 32015 | Spider:4 | Received a gift from Trog
 32086 | Spider:4 | Reached skill level 5 in Stealth
 32446 | Spider:4 | Noticed Arachne
 32464 | Spider:4 | Killed Arachne
 32713 | Spider:4 | Reached skill level 10 in Throwing
 32750 | Spider:4 | Reached skill level 20 in Axes
 33101 | Spider:4 | Got a gossamer rune of Zot
 33817 | Vaults:1 | Entered Level 1 of the Vaults
 33969 | Vaults:1 | Identified the +4 broad axe "Jygh" {flame, rPois rC- Str+2
                  | Stlth+} (Trog gifted it to you on level 1 of the Vaults)
 33969 | Vaults:1 | Received a gift from Trog
 33979 | Vaults:1 | Noticed Aizul
 33995 | Vaults:1 | Killed Aizul
 34334 | Vaults:1 | Reached XP level 19. HP: 179/179 MP: 16/16
 34541 | Vaults:1 | Found Naileatt's Armour Emporium.
 34541 | Vaults:1 | Noticed an ancient lich
 34557 | Vaults:1 | Killed an ancient lich
 34579 | Vaults:1 | Received a gift from Trog
 34647 | Vaults:1 | Found Lyumam's Magic Scroll Shoppe.
 34682 | Vaults:1 | Bought a scroll of teleportation for 39 gold pieces
 34682 | Vaults:1 | Bought a scroll of magic mapping for 97 gold pieces
 34682 | Vaults:1 | Bought a scroll of blinking for 97 gold pieces
 35713 | Vaults:2 | Found a staircase to the Crypt.
 35713 | Vaults:2 | Found a basalt altar of Yredelemnul.
 35713 | Vaults:2 | Found an ancient bone altar of Kikubaaqudgha.
 35987 | Vaults:2 | Received a gift from Trog
 37463 | Vaults:3 | Received a gift from Trog
 37464 | Vaults:3 | Reached XP level 20. HP: 155/189 MP: 17/17
 37765 | Vaults:3 | Paralysed by a great orb of eyes for 2 turns
 37776 | Vaults:3 | Identified the +9 plate armour "Pueb" {rF+}
 37823 | Vaults:3 | Reached skill level 21 in Axes
 38059 | Vaults:3 | Identified the +10 scimitar "Dugedodi" {protect, rCorr}
 38519 | Vaults:3 | Identified the +3 leather armour of Supple Strength {+Blink
                  | rElec rC+ rN+}
 39397 | Vaults:4 | Identified the +1 plate armour of Action {+Inv}
 39788 | Vaults:4 | Received a gift from Trog
 41392 | Elf:1    | Entered Level 1 of the Elven Halls
 41404 | Elf:1    | Received a gift from Trog
 41465 | Elf:1    | Identified the +5 ring mail "Xomuh" {+Blink rPois}
 41625 | Elf:1    | Reached XP level 21. HP: 191/198 MP: 17/17
 41807 | Elf:1    | Found Wicvivyn's Armour Shoppe.
 41815 | Elf:1    | Bought a +0 pair of boots for 49 gold pieces
 42142 | Elf:1    | Found Xeod's Magic Scroll Emporium.
 42149 | Elf:1    | Bought a scroll of fog for 68 gold pieces
 42301 | Elf:2    | Received a gift from Trog
 42384 | Elf:2    | Found a runed translucent gate.
 42384 | Elf:2    | Found a runed translucent gate.
 42384 | Elf:2    | Found a runed translucent gate.
 42516 | Elf:2    | Noticed Louise
 42549 | Elf:2    | Killed Louise
 42621 | Elf:2    | Found Xudun's Tremendous Tomes.
 43392 | Elf:2    | Received a gift from Trog
 43566 | Elf:3    | Entered Level 3 of the Elven Halls
 43749 | Elf:3    | Found Befemu's Assorted Antiques.
 43758 | Elf:3    | Bought a potion of heal wounds for 160 gold pieces
 43758 | Elf:3    | Bought a potion of heal wounds for 160 gold pieces
 43758 | Elf:3    | Bought a potion of mutation for 256 gold pieces
 43989 | Elf:3    | Received a gift from Trog
 44485 | Elf:3    | Identified the +10 shortbow of Rute {vorpal, rCorr}
 44648 | Elf:3    | Identified the ring "Vaubrit" {MP+9 Dex+5}
 44659 | Elf:3    | Identified the amulet "Fuasyef" {Reflect rPois Str+7 Dex+2
                  | Slay-2 SH+5}
 44700 | Elf:3    | Identified the +2 plate armour of Pypsev {rElec Stlth+}
 44737 | Elf:3    | Identified the +11 short sword of Bequeathed Defence
                  | {vorpal, Int-5 Dex+3}
 44740 | Elf:3    | Identified the +0 dagger "Seos" {drain, rElec}
 44741 | Elf:3    | Found the +8 demon blade "Leech" {vamp, Harm Drain rN+}
 44811 | Elf:3    | Identified the +3 shortbow of the Omega Point {flame, SInv}
 44815 | Elf:3    | Identified the +1 scale mail "Cecoj" {-Cast rN+ Str+4}
 45542 | Depths:1 | Entered Level 1 of the Depths
 45549 | Depths:1 | Found a gateway to Hell.
 45866 | Depths:1 | Reached skill level 22 in Axes
 45968 | Depths:1 | Found an ancient bone altar of Kikubaaqudgha.
 45982 | Depths:1 | Found a runed translucent door.
 46072 | Depths:1 | Reached skill level 15 in Throwing
 46072 | Depths:1 | Reached XP level 22. HP: 186/209 MP: 18/18
 46237 | Depths:1 | Received a gift from Trog
 46518 | Depths:1 | Found a one-way gate to the infinite horrors of the Abyss.
 46649 | Depths:2 | Found a shimmering altar of Xom.
 46650 | Depths:2 | Found a shimmering altar of Xom.
 46652 | Depths:2 | Found a shimmering altar of Xom.
 46652 | Depths:2 | Found a shimmering altar of Xom.
 46652 | Depths:2 | Found a shimmering altar of Xom.
 46906 | Depths:2 | Found a one-way gate leading to the halls of Pandemonium.
 47156 | Depths:2 | Noticed a juggernaut
 47156 | Depths:2 | Noticed a caustic shrike
 47156 | Depths:2 | Noticed a caustic shrike
 47156 | Depths:2 | Noticed a caustic shrike
 47165 | Depths:2 | Killed a caustic shrike
 47166 | Depths:2 | Reached skill level 10 in Stealth
 47169 | Depths:2 | Killed a caustic shrike
 47175 | Depths:2 | Killed a caustic shrike
 47177 | Depths:2 | Killed a juggernaut
 47208 | Depths:2 | Identified the amulet of Starshine {RegenMP rN+ Will+
                  | Str+3}
 47209 | Depths:2 | Identified the amulet "Ewecuhat" {RegenMP Rampage Fragile
                  | rElec rC+}
 47316 | Depths:2 | Received a gift from Trog
 47453 | Depths:2 | Found a broken altar of Ashenzari.
 47570 | Depths:2 | Noticed a juggernaut
 47584 | Depths:2 | Killed a juggernaut
 48094 | Depths:2 | Noticed Margery
 48107 | Depths:2 | Killed Margery
 48347 | Depths:2 | Upgraded the game from 0.29-a0-1027-gcd8c55af63 to
                  | 0.29-a0-1033-gb6c65ffae6
 48518 | Depths:3 | Received a gift from Trog
 48669 | Depths:3 | Found Ywos's Distillery.
 48692 | Depths:3 | Bought 2 potions of heal wounds for 150 gold pieces
 48692 | Depths:3 | Bought 2 potions of curing for 90 gold pieces
 48692 | Depths:3 | Bought a potion of heal wounds for 75 gold pieces
 48692 | Depths:3 | Bought 2 potions of curing for 90 gold pieces
 48692 | Depths:3 | Bought a potion of cancellation for 120 gold pieces
 48736 | Depths:3 | You fall into a shaft and drop 1 floor!
 48736 | Depths:4 | Entered Level 4 of the Depths
 48795 | Depths:4 | Noticed a golden dragon
 48802 | Depths:4 | Killed a golden dragon
 48927 | Depths:4 | Found a gate to the Realm of Zot.
 48956 | Depths:4 | Reached XP level 23. HP: 127/217 MP: 19/19
 49205 | Depths:4 | Found a one-way gateway to a ziggurat.
 49764 | Depths:3 | Found a sparkling altar of Nemelex Xobeh.
 49817 | Depths:3 | Identified the +1 hand axe "Yrrya" {vorpal, rPois rC+}
                  | (Trog gifted it to you on level 3 of the Depths)
 49817 | Depths:3 | Received a gift from Trog
 50168 | Depths:3 | Found a hide-covered altar of Uskayaw.
 50534 | Hell     | Entered the Vestibule of Hell
 50534 | Hell     | Noticed Geryon
 50847 | Depths:4 | Noticed a juggernaut
 50859 | Depths:4 | Killed a juggernaut
 51499 | Vaults:5 | Entered Level 5 of the Vaults
 51504 | Vaults:5 | Reached skill level 23 in Axes
 51504 | Vaults:5 | Reached skill level 15 in Evocations
 52142 | Vaults:5 | Identified the ring of Tiocuop {MP+9 Str+3 Int+5 Dex+3}
 52158 | Vaults:5 | Noticed a dread lich
 52185 | Vaults:5 | Killed a dread lich
 52551 | Vaults:5 | Reached skill level 24 in Axes
 52757 | Vaults:5 | Received a gift from Trog
 53012 | Vaults:5 | Paralysed by a sphinx for 4 turns
 53113 | Vaults:5 | Identified the ring of Owood {rPois Will+}
 53119 | Vaults:5 | Reached XP level 24. HP: 226/228 MP: 19/19
 53465 | Vaults:5 | Reached skill level 25 in Axes
 53743 | Vaults:5 | Identified the +4 robe of Hadjma {rF+ rCorr Int-4}
 54197 | Vaults:5 | Received a gift from Trog
 54855 | Vaults:5 | Got a silver rune of Zot
 55576 | Hell     | Reached skill level 26 in Axes
 56046 | Depths:1 | Received a gift from Trog
 56284 | Hell     | Killed Geryon
 56446 | Zot:1    | Entered Level 1 of the Realm of Zot
 56481 | Zot:1    | Reached skill level 27 in Axes
 56884 | Zot:1    | Identified the +1 leather armour of Ypaosma {rC++}
 58674 | Zot:3    | Noticed a Killer Klown
 58686 | Zot:3    | Noticed a Killer Klown
 58693 | Zot:3    | Killed a Killer Klown
 58704 | Zot:3    | Killed a Killer Klown
 58812 | Zot:3    | Noticed a Killer Klown
 58820 | Zot:3    | Killed a Killer Klown
 58821 | Zot:3    | Reached XP level 25. HP: 220/236 MP: 19/19
 58821 | Zot:3    | Noticed a Killer Klown
 58827 | Zot:3    | Identified the +6 short sword of Apiduoh {vorpal, Drain
                  | Dex+4 SInv} (Trog gifted it to you on level 3 of the Realm
                  | of Zot)
 58827 | Zot:3    | Received a gift from Trog
 58847 | Zot:3    | Killed a Killer Klown
 59049 | Zot:3    | Found the +4 dragonskin cloak
 59049 | Zot:3    | Noticed Tiamat
 59091 | Zot:3    | HP: 5/237 [Tiamat/+1 vorpal glaive (39)]
 59091 | Zot:3    | Slain by Tiamat

Illustrated notes

Levels and vault maps discovered:
D:1:      ebering_hopf_link, layout_loops_cross,
          hellmonk_ecumenical_altar_zigzags, serial_shops,
          nicolae_shop_window_shopping
D:2:      minmay_thinvault, layout_basic
D:3:      layout_loops_ring, grunt_temple_overflow_growth_and_decay,
          uniq_grinder, uniq_natasha
D:4:      layout_basic, uniq_crazy_yiuf_cottage
D:5:      layout_cave_pools, portal_sewer_entry_f
D:6:      layout_cave_pools, temple_pool_b, ebering_ghost_disaster_area,
          minmay_misc_feat_iff
D:7:      layout_loops_ring
D:8:      layout_basic, enter_bailey_5, grunt_ministairs_9,
          chequers_serial_rivers_micro_d, hangedman_abyss_or_decor_stabs
D:9:      layout_layer_cave, kennysheep_generic_room_11
D:10:     layout_roguey, grunt_lair_entry_orc_guard_hut, uniq_lodul
D:11:     layout_loops_ring, worldfamousw_hep_ancestral_shrine, uniq_sonja
D:12:     layout_cross
D:13:     layout_small_grid, gauntlet_entry_generic
D:14:     minmay_dotted_concentric_squares, layout_irregular_city,
          lightli_vaults_fourway_checkpoint
D:15:     hangedman_depths_entry_civil_slaughter, layout_gridville,
          chequers_serial_rivers_micro_b, uniq_josephine, uniq_jorgrun,
          uniq_kirke
Lair:1:   wad_woods_structure_01, layout_chaotic_city, gammafunk_ghost_hive,
          wad_woods_river_04, serial_bayou_pond_c, serial_bayou_shore_b
Lair:2:   layout_misc_corridors, minmay_shoals_entry_lonely_mermaid,
          minmay_stone_trees_small, minmay_lindwurm_lava, lemuel_fruit_fields
Lair:3:   layout_chaotic_city, spider_nest_entry_web_field, serial_bayou_shore_b
Lair:4:   layout_regular_city, uniq_urug
Lair:5:   grunt_lair_end_beastmaster, layout_cave_pods, slime_entry_2
Shoals:1: layout_shoals
Shoals:2: layout_shoals, serial_shops, nicolae_shop_waterfront,
          nicolae_shoals_isolated_beach, uniq_polyphemus
Shoals:3: layout_shoals, uniq_donald
Shoals:4: shoals_end_hangedman, layout_shoals, abandoned_shop
Spider:1: layout_cave_pods, nicolae_spider_shape, uniq_roxanne, uniq_nikola
Spider:2: layout_chambers, hangedman_spider_tarantella_strand
Spider:3: layout_spider_delve
Spider:4: johnstein_spider_rune_arachne_lair
Orc:1:    cheibrodos_orc_arena, layout_diamond_mine, gammafunk_ghost_split
Orc:2:    st_orc_rangers, layout_diamond_mine, nicolae_specific_store
Elf:1:    eino_elf_arrival_customs, layout_loops_ring, serial_shops,
          nicolae_shop_temple_entry_statues_fountains, nicolae_square_shop,
          hangedman_elf_disciples
Elf:2:    elven_hall_of_blades_hangedman_original [nicolae_blade_tridents],
          layout_gridlike, nicolae_shop_i_like_big_books, uniq_louise
Elf:3:    elf_hall, layout_onion_city, serial_shops,
          nicolae_shop_temple_entry_statues_fountains
Vaults:1: ontoclasm_vaults_chip, nicolae_vaults_shelves_hall,
          grunt_vaults_focal, nicolae_vaults_little_squares_4, v_misc_16,
          nicolae_vaults_what_the_h, v_misc_10, dpeg_vaults_monster_box,
          layout_vaults_omnigrid, serial_shops, nicolae_shop_advertising_works
          [nicolae_subvault_shop_adworks], uniq_aizul
Vaults:2: minmay_crypt_entry_necro_gods, grunt_vaults_hallway_long,
          hangedman_vaults_river_flow, ontoclasm_vaults_ring_small,
          hangedman_vaults_impose, nicolae_vaults_network_s,
          vaults_room_stairs_pillars, hangedman_vaults_corner,
          vaults_standard_mumra_enter_the_diamond, vaults_room_hallway,
          vaults_dpeg_doors, nicolae_vaults_alarming, vaults_room_fours,
          ontoclasm_vaults_misaligned, ontoclasm_vaults_gateway,
          layout_vaults_omnicross
Vaults:3: hangedman_vaults_impose, st_greater_box_2,
          ontoclasm_vaults_ring_large, v_misc_17, vaults_room_ringed_pool,
          hangedman_vaults_slice, grunt_vaults_swirl, v_pattern_5,
          nicolae_vaults_network_quinsquares
          [nicolae_vaults_network_quincunx_subvault,
          nicolae_vaults_network_quincunx_subvault,
          nicolae_vaults_network_quincunx_subvault,
          nicolae_vaults_network_quincunx_subvault],
          vaults_standard_mumra_lines, hangedman_vaults_snaps,
          grunt_vaults_diagonal, vaults_room_door_ring, layout_vaults_omnibox
Vaults:4: nicolae_vaults_network_barrier, vaults_room_pools, v_alt_pattern_2,
          nicolae_vaults_ninety_degrees, nicolae_vaults_quadrants, v_pattern_2,
          v_misc_32, nicolae_vaults_little_squares_1, v_rooms_5,
          ontoclasm_vaults_idyll, nicolae_vaults_specimen_jars,
          nicolae_vaults_hallways_thing, vaults_room_pool, v_misc_16,
          layout_vaults_maze
Vaults:5
Depths:1: layout_basic, pf_coc_iceberg, minmay_room_of_horrors,
          kiku_gazebo_pond_becter, minmay_acid_items
Depths:2: grunt_x_marks_the_spot, layout_small_grid, basic_altar,
          grunt_metal_band, rand_demon_pan_entry_8, xom_redecorated
Depths:3: minmay_firetagon, layout_gridlike, serial_shops, shop,
          nicolae_uskayaw_suspiria, abyss_entry, pf_hell_entry_tar_river,
          nemelex_xobeh_ov_fountains_minmay
Depths:4: grunt_twist_and_shout, layout_honeycomb, enter_ziggurat_e, hell_entry,
          moated_statue
Hell
Zot:1:    layout_onion_interference
Zot:2:    layout_gridlike
Zot:3:    circus_mu, layout_misc_corridors, st_single_dragon_hoard_1,
          uniq_tiamat

Skill      XL: |  1  2  3  4  5  6  7  8  9 10 11 12 13 14 15 16 17 18 19 20 21 22 23 24 25 |
---------------+----------------------------------------------------------------------------+-----
Axes           | 4 5 6 7 8 10 11 12 13 15 16 18 19 20 21 22 24 27 | 27.0
Fighting       | 4 5 6 7 8 10 11 12 13 14 15 16 17 18 19 20 21 | 21.7
Armour         | 3 4 5 7 8 9 11 12 13 14 15 16 17 18 19 20 21 | 21.5
Dodging        | 3 4 5 6 7 8 10 11 12 13 14 15 16 17 18 19 20 | 20.0
Shields        | 1 4 6 7 9 11 12 13 14 15 16 17 18 19 20 | 20.8
Throwing       | 2 4 6 8 10 12 13 15 16 | 16.9
Evocations     | 2 5 8 10 11 12 13 14 15 | 15.4
Stealth        | 2 4 5 7 8 9 10 | 10.0

Action                   |  1- 3 |  4- 6 |  7- 9 | 10-12 | 13-15 | 16-18 | 19-21 | 22-24 | 25-27 || total
-------------------------+-------+-------+-------+-------+-------+-------+-------+-------+-------++-------
Melee: Hand axe          |    81 |   106 |   245 |    64 |       |       |       |       |       ||   496
       Headbutt          |     7 |    20 |    31 |    79 |   233 |   305 |   389 |   551 |     9 ||  1624
       Broad axe         |       |       |     5 |   286 |   898 |  1174 |  1279 |  1521 |    30 ||  5193
       Kick              |       |       |       |       |       |   162 |   411 |       |       ||   573
Throw: Dart              |       |       |       |       |     1 |       |       |       |       ||     1
       Boomerang         |       |       |       |       |       |    19 |     9 |       |       ||    28
Invok: Berserk           |     1 |     2 |     4 |     1 |     4 |     8 |     9 |     4 |       ||    33
       Trog's Hand       |       |       |       |     1 |     3 |    14 |    14 |     5 |     2 ||    39
Evoke: Wand              |       |       |       |     2 |       |       |       |       |       ||     2
       Horn of Geryon    |       |       |       |       |       |       |       |     2 |       ||     2
  Use: Scroll            |       |       |    12 |    10 |    16 |     7 |    12 |     3 |     2 ||    62
       Potion            |       |       |       |     1 |     4 |     6 |     1 |       |     1 ||    13
 Stab: Petrified         |       |       |       |       |    10 |       |     2 |       |       ||    12
       Petrifying        |       |       |       |       |       |     1 |     1 |       |       ||     2
       Distracted        |       |       |       |       |       |       |     1 |     1 |       ||     2
       Confused          |       |       |       |       |       |       |     1 |       |       ||     1
Armor: Animal skin       |     4 |       |       |       |       |       |       |       |       ||     4
       Ring mail         |    18 |    12 |       |       |       |       |       |       |       ||    30
       Scale mail        |       |    20 |    49 |       |       |       |       |       |       ||    69
       Chain mail        |       |       |    28 |     1 |       |       |       |       |       ||    29
       Plate armour      |       |       |       |   144 |   290 |   458 |   276 |       |       ||  1168
       Gold dragon scale |       |       |       |       |       |       |    29 |   707 |    29 ||   765
Dodge: Dodged            |    49 |    50 |    97 |   173 |   354 |   460 |   436 |   588 |    24 ||  2231
Block: Kite shield       |       |       |   100 |   205 |   705 |   994 |   781 |   927 |    27 ||  3739
       Reflection        |       |       |       |       |       |       |    53 |     3 |       ||    56

Table legend: (Time is in decaauts)
 A = Elapsed time spent in this place.
 B = Non-inter-level travel time spent in this place.
 C = Inter-level travel time spent in this place.
 D = Time resting spent in this place.
 E = Time spent auto-exploring this place.
 F = Levels seen in this place.
 G = Mean time per level.
                   A        B        C        D        E       F      G
               +--------+--------+--------+--------+--------+-----+--------+
         Total |  58957 |  54165 |   4792 |   3339 |  39328 |  49 | 1203.2 |
       Dungeon |  15171 |  13221 |   1950 |      0 |  10901 |  15 | 1011.4 |
          Lair |   5561 |   4682 |    879 |      0 |   3650 |   5 | 1112.2 |
        Shoals |   4555 |   4267 |    288 |     90 |   3139 |   4 | 1138.8 |
   Spider Nest |   5434 |   5147 |    287 |    129 |   3851 |   4 | 1358.5 |
  Orcish Mines |   1890 |   1687 |    203 |      0 |   1262 |   2 |  945.0 |
   Elven Halls |   3942 |   3729 |    213 |     19 |   2851 |   3 | 1314.0 |
        Vaults |  11424 |  10872 |    552 |   1816 |   6870 |   5 | 2284.8 |
        Depths |   6691 |   6328 |    363 |   1060 |   4105 |   4 | 1672.8 |
          Hell |    108 |    108 |      0 |      0 |      0 |   1 |  108.0 |
           Zot |   2268 |   2214 |     54 |     22 |   1675 |   3 |  756.0 |
         Sewer |    768 |    768 |      0 |      0 |    560 |   1 |  768.0 |
        Bailey |    663 |    663 |      0 |    202 |    270 |   1 |  663.0 |
      Gauntlet |    476 |    476 |      0 |      0 |    192 |   1 |  476.0 |
               +--------+--------+--------+--------+--------+-----+--------+

Top non-repeatable levels by time:
Vaults:5: 2939 daAuts
Vaults:4: 2627 daAuts
Vaults:3: 2563 daAuts
Depths:4: 1829 daAuts
Vaults:1: 1813 daAuts
Depths:1: 1811 daAuts
     D:2: 1764 daAuts
   Elf:3: 1722 daAuts
Depths:2: 1709 daAuts
Spider:2: 1663 daAuts
Spider:4: 1642 daAuts
  Lair:1: 1627 daAuts
Vaults:2: 1481 daAuts
     D:9: 1474 daAuts
Depths:3: 1340 daAuts
